 Dungeon Crawl Stone Soup version 0.31-a0-788-ga445dbd2db (console) character file.

Game seed: 7825676780747031288

85 octothorp the Cudgeller (level 4, 0/67 HPs)
             Began as an Ogre Warper on Sept 18, 2023.
             Succumbed to an adder's poison
             ... on level 2 of the Dungeon on Sept 19, 2023.
             The game lasted 00:20:59 (2083 turns).

octothorp the Cudgeller (Ogre Warper)               Turns: 2083, Time: 00:21:00

Health: 0/67       AC:  3    Str: 17    XL:     4   Next: 48%
Magic:  7/7        EV:  9    Int: 14    God:
Gold:   101        SH:  0    Dex:  8    Spells: 3/7 levels left

rFire   . . .        n - +2 war axe (elec)
rCold   . . .        (no shield)
rNeg    . . .        b - +0 robe
rPois   .            (helmet restricted)
rElec   .            j - scarf {shadows}
rCorr   .            (gloves unavailable)
SInv    .            (boots unavailable)
Will    .....        (no amulet) Stlth
                     o - +4 ring of slaying
HPRegen 0.31/turn    (no ring)
MPRegen 0.10/turn

%: no passive effects
@: berserking, lethally poisoned (0 -> -6), hasted, invisible, very quick
A: large, unfitting armour, tough skin 1
a: no special abilities


You were on level 2 of the Dungeon.
You visited 1 branch of the dungeon, and saw 2 of its levels.

You collected 101 gold pieces.

Inventory:

Hand Weapons
 a - a +0 mace
 n - a +2 war axe of electrocution (weapon)
Missiles
 d - 7 darts of dispersal
 f - 2 curare-tipped darts
 m - a throwing net
 q - 4 boomerangs (quivered)
Armour
 b - a +0 robe (worn)
 h - a scarf of harm
 j - a scarf of shadows (worn)
Jewellery
 o - a +4 ring of slaying (left hand)
Talismans
 p - a flux talisman
Scrolls
 c - a scroll of blinking
 e - 3 scrolls of enchant armour {unknown}
 k - a scroll of fear {unknown}
 l - 2 scrolls of teleportation
Potions
 g - a potion of cancellation


   Skills:
 - Level 3.1 Fighting
 * Level 4.0 Maces & Flails
 - Level 1.0 Throwing
 - Level 2.1 Dodging
 - Level 2.4 Spellcasting
 - Level 2.6 Translocations


You had 3 spell levels left.
You knew the following spells:

 Your Spells              Type           Power      Damage    Failure   Level
b - Blink                 Tloc           18%        N/A       12%         2
l - Lesser Beckoning      Tloc           18%        N/A       12%         2

Your spell library contained the following spells:

 Spells                   Type           Power      Damage    Failure   Level
 Magic Dart               Conj           4%         1d3       22%         1
 Teleport Other           Tloc           9%         N/A       22%         3
 Searing Ray              Conj           2%         2d4       34%         2
 Manifold Assault         Tloc           9%         N/A       58%         4
 Vhi's Electric Charge    Tloc/Air       10%        N/A       78%         4
 Fulminant Prism          Conj/Hex       0%         3d5       92%         4


Dungeon Overview and Level Annotations

Branches:
Dungeon (2/15)

Altars:


Innate Abilities, Weirdness & Mutations

You are too large for most types of armour.
You have tough skin. (AC +1)


Message History

The adder closely misses you.
You miss the adder.
You feel very sick. The adder bites you.
You are more poisoned.
The adder poisons you! The adder barely misses you.
Press: ? - help, v - describe, . - travel
Here: an adder The floor.
Unknown command.
You closely miss the adder.
You feel very sick. The adder bites you. x2
You are lethally poisoned!
The adder poisons you!
There is nothing to cancel.
It was a potion of invisibility.
You fade into invisibility!
* * * LOW HITPOINT WARNING * * *
You feel very sick. The adder bites you.
* * * LOW HITPOINT WARNING * * *
It was a potion of haste.
You feel yourself speed up.
* * * LOW HITPOINT WARNING * * *
You feel very sick. The adder bites you.
* * * LOW HITPOINT WARNING * * *
The adder closely misses you.
Okay, then.
A red film seems to cover your vision as you go berserk!
You feel yourself moving faster!
You feel mighty!
* * * LOW HITPOINT WARNING * * *
You feel sick.
You barely miss the adder.
* * * LOW HITPOINT WARNING * * *
You feel sick. The adder bites you.
* * * LOW HITPOINT WARNING * * *
The adder barely misses you.
You miss the adder.
You die...

.......# #.# .......#
#.# .......# #.##.#
.......# #.#
#.##.##### ########
#.# #.##.#...# #.#
#.##.#..## #.#
#.##.#..# #.#
#.##.#..## #.#
#.##.....#
######)#####.####.###
..........@S.# #.#
######.##########.###
#..............#
################


You could see an adder (unable to see you).

Vanquished Creatures
  3 adders (D:2)
  A worm (D:2)
  2 endoplasms
  4 giant cockroaches
  5 goblins
  6 hobgoblins
  4 jackals (D:2)
  7 kobolds
  4 quokkas
  2 ball pythons
  4 bats (D:1)
  2 frilled lizards (D:1)
  9 rats
53 creatures vanquished.

Notes
Turn   | Place    | Note
-------+----------+-------------------------------------------
     0 | D:1      | octothorp the Ogre Warper began the quest for the Orb.
     0 | D:1      | Reached XP level 1. HP: 22/22 MP: 3/3
    61 | D:1      | You fall into a shaft and drop 1 floor!
   201 | D:2      | Reached skill level 2 in Maces & Flails
   318 | D:1      | Reached XP level 2. HP: 26/31 MP: 5/5
  1031 | D:1      | Reached XP level 3. HP: 37/37 MP: 6/6
  1164 | D:1      | Reached skill level 3 in Maces & Flails
  1549 | D:2      | Learned a level 2 spell: Blink
  1552 | D:2      | Learned a level 2 spell: Lesser Beckoning
  1698 | D:2      | Reached XP level 4. HP: 45/45 MP: 7/7
  1974 | D:2      | Reached skill level 4 in Maces & Flails
  2082 | D:2      | HP: 3/67 [poisoned by an adder]
  2082 | D:2      | HP: 1/67 [adder (2)]
  2083 | D:2      | Succumbed to an adder's poison

Illustrated notes

Levels and vault maps discovered:
D:1:      dpeg_arrival_boxes_within_box, layout_loops_ring
D:2:      layout_basic

Skill      XL: |  1  2  3  4 |
---------------+-------------+-----
Maces & Flails | 2 3 4 |  4.0
Fighting       | 3 |  3.1
Throwing       | |  1.0
Dodging        | |  2.1
Spellcasting   | |  2.4
Translocations | |  2.6

Action                     |  1- 3 |  4- 6 || total
---------------------------+-------+-------++-------
  Melee: Mace              |    65 |       ||    65
         War axe           |    48 |    25 ||    73
         Punch             |     2 |       ||     2
  Throw: Dart              |     1 |       ||     1
    Use: Scroll            |     3 |       ||     3
         Potion            |     1 |     3 ||     4
   Stab: Sleeping          |     1 |       ||     1
 Armour: Robe              |    75 |    16 ||    91
  Dodge: Dodged            |    56 |    14 ||    70

Table legend: (Time is in decaauts)
 A = Elapsed time spent in this place.
 B = Non-inter-level travel time spent in this place.
 C = Inter-level travel time spent in this place.
 D = Time resting spent in this place.
 E = Time spent auto-exploring this place.
 F = Levels seen in this place.
 G = Mean time per level.
                   A        B        C        D        E       F      G
               +--------+--------+--------+--------+--------+-----+--------+
         Total |   2134 |   2019 |    115 |     58 |   1042 |   2 | 1067.0 |
       Dungeon |   2134 |   2019 |    115 |     58 |   1042 |   2 | 1067.0 |
               +--------+--------+--------+--------+--------+-----+--------+

Top non-repeatable levels by time:
     D:1: 1111 daAuts
     D:2: 1022 daAuts
